 Dungeon Crawl Stone Soup version 0.31.0-11-ge490571c62 (webtiles) character file.

Game seed: 6679929580601776997

319 qw the Shooter (level 6, -1/30 HPs)
             Began as a Spriggan Hunter on Feb 3, 2024.
             Succumbed to a scorpion's poison
             ... on level 4 of the Dungeon.
             The game lasted 00:00:19 (2597 turns).

qw the Shooter (Spriggan Hunter)                    Turns: 2597, Time: 00:00:19

Health: -1/30      AC:  2    Str:  7    XL:     6   Next: 21%
Magic:  7/7        EV: 20    Int: 11    God:
Gold:   206        SH:  0    Dex: 20    Spells: 5/5 levels left

rFire   . . .        a - +0 shortbow
rCold   . . .        (shield currently unavailable)
rNeg    . . .        c - +0 robe
rPois   .            (helmet restricted)
rElec   .            (no cloak)
rCorr   .            (gloves unavailable)
SInv    +            (boots unavailable)
Will    ++...        (no amulet)
Stlth   ++           h - ring of willpower
HPRegen 0.25/turn    (no ring)
MPRegen 0.10/turn

%: no passive effects
@: lethally poisoned (-1 -> -24), very quick
A: very small, no large weapons, unfitting armour, see invisible, speed 3
a: no special abilities


You were on level 4 of the Dungeon.
You visited 1 branch of the dungeon, and saw 4 of its levels.

You collected 206 gold pieces.


Innate Abilities, Weirdness & Mutations

You are very small and have problems with some larger weapons.
You are too small for most types of armour.
You have supernaturally acute eyesight. (SInv)
You cover ground extremely quickly. (Speed+++)


   Skills:
 - Level 2.2 Fighting
 - Level 6.4 Ranged Weapons
 + Level 5.1 Dodging
 - Level 1.5 Stealth


You had 5 spell levels left.
You didn't know any spells.
Your spell library was empty.

Inventory:

Hand Weapons
 a - a +0 shortbow (weapon)
Armour
 c - a +0 robe (worn)
Jewellery
 h - a ring of willpower (left hand)
Wands
 g - a wand of flame (2)
Scrolls
 d - a scroll of vulnerability {unknown}
Potions
 b - a potion of mutation {unknown}
 j - 2 potions of curing

Dungeon Overview and Level Annotations

Branches:
Dungeon (4/15)
 Temple: D:4-7

Altars:

Shops:
D:3 *

Annotations:
D:2 exclusion: 2 hobgoblins


Message History

You now have 206 gold pieces (gained 13).
d - a scroll labelled ETEPSO SOOPH A scorpion comes into view.
You shoot an arrow. The arrow closely misses the scorpion.
You shoot an arrow.
The arrow hits the scorpion but does no damage.
You shoot an arrow.
The arrow completely misses the scorpion.
You shoot an arrow. The arrow hits the scorpion!
The scorpion is heavily wounded.
You shoot an arrow. The arrow hits the scorpion.
The scorpion is heavily wounded.
You shoot an arrow. The arrow closely misses the scorpion.
The scorpion completely misses you.
You shoot an arrow. The arrow barely misses the scorpion.
The scorpion misses you. The scorpion closely misses you.
You shoot an arrow. The arrow hits the scorpion.
The scorpion is severely wounded.
The scorpion stings you!
You shoot an arrow.
The arrow completely misses the scorpion.
The scorpion stings you.
You are poisoned.
The scorpion poisons you!
You shoot an arrow. The arrow hits the scorpion.
The scorpion is almost dead.
You feel very sick. The scorpion barely misses you. The scorpion stings you.
You are lethally poisoned!
The scorpion poisons you!
You shoot an arrow.
The arrow completely misses the scorpion.
You feel very sick. The scorpion stings you.
You are more poisoned.
The scorpion poisons you!
You shoot an arrow.
The arrow hits the scorpion but does no damage.
The scorpion is almost dead.
You die...

#......... . .................
. .........
#.................# #.........
#.............##.###.........
#....#........#...#.........#
....##......................
###.......#s................
#.........#@................
##.............#............
#...##.........##.........##
#....###.......###......###.
##....##.......##.......##..
###....##..#......##..######.)
#...#......#...##......# ##..
#........##.###.)......## #...
###.........###....###.## ##..


You could see a scorpion.

Vanquished Creatures
  A black bear (D:4)
  A bombardier beetle (D:4)
  Natasha (thrice) (D:3)
  4 adders
  2 ribbon worms (D:2)
  7 orcs (D:3)
  3 ball pythons
  9 endoplasms
  3 giant cockroaches
  4 goblins
  6 hobgoblins
  3 jackals (D:1)
  8 bats
  3 frilled lizards
  4 kobolds
  12 rats
73 creatures vanquished.

Vanquished Creatures (others)
  A ribbon worm (D:2)
1 creature vanquished.

Grand Total: 74 creatures vanquished

Notes
Turn   | Place    | Note
-------+----------+-------------------------------------------
     0 | D:1      | qw the Spriggan Hunter began the quest for the Orb.
     0 | D:1      | Reached XP level 1. HP: 10/10 MP: 2/2
     0 | D:1      | 0 ||| qw: Version: 0.3-a-158-g18b3111
     0 | D:1      | 0 ||| qw: Game counter: 4146
     0 | D:1      | 0 ||| qw: Melee chars always use a shield: true
     0 | D:1      | 0 ||| qw: God list: Okawaru
     0 | D:1      | 0 ||| qw: Allow faded altars: false
     0 | D:1      | 0 ||| qw: Do Orc after clearing Dungeon:15 true
     0 | D:1      | 0 ||| qw: Do second Lair branch before Depths: true
     0 | D:1      | 0 ||| qw: Lair rune preference: random
     0 | D:1      | 0 ||| qw: Goals: Normal
     0 | D:1      | 0 ||| PLANNING D:1-11
    44 | D:1      | Reached skill level 3 in Dodging
    92 | D:1      | Reached XP level 2. HP: 14/14 MP: 3/3
   286 | D:1      | You fall into a shaft and drop 1 floor!
   314 | D:2      | 314 ||| READING 2 scrolls labelled LEGIAGUOSA.
   315 | D:2      | 315 ||| READING 2 scrolls labelled PASMUA KOAS.
   315 | D:2      | 315 ||| IDENTIFYING purple potion
   316 | D:2      | 316 ||| READING scroll of identify.
   316 | D:2      | 316 ||| IDENTIFYING silvery potion
   317 | D:2      | 317 ||| READING scroll labelled HIDATW YREEFF.
   318 | D:2      | 318 ||| READING scroll labelled HARITO BIUC LAPO.
   319 | D:2      | 319 ||| DRINKING 2 clear potions.
   320 | D:2      | 320 ||| DROPPING scroll of butterflies.
   321 | D:2      | 321 ||| DROPPING scroll of revelation.
   322 | D:2      | 322 ||| DROPPING potion of berserk rage.
   604 | D:1      | 604 ||| READING scroll of identify.
   604 | D:1      | 604 ||| IDENTIFYING fizzy blue potion
   605 | D:1      | 605 ||| DROPPING potion of degeneration.
   685 | D:2      | Reached XP level 3. HP: 18/18 MP: 4/4
  1135 | D:2      | Reached skill level 5 in Ranged Weapons
  1405 | D:2      | Found a faded altar of an unknown god.
  1409 | D:2      | 1409 ||| READING scroll labelled BAV GOSAUPT.
  1411 | D:2      | 1411 ||| Stepping ~*~*~tactically~*~*~ (cloud).
  1416 | D:2      | HP: 4/18 [poisoned by you (poison gas)]
  1526 | D:3      | Reached XP level 4. HP: 22/22 MP: 5/5
  1627 | D:3      | Noticed Natasha
  1633 | D:3      | 1633 ||| RETREEEEATING.
  1634 | D:3      | 1634 ||| RETREEEEATING.
  1636 | D:3      | 1636 ||| RETREEEEATING.
  1637 | D:3      | 1637 ||| RETREEEEATING.
  1638 | D:3      | 1638 ||| RETREEEEATING.
  1639 | D:3      | 1639 ||| RETREEEEATING.
  1640 | D:3      | 1640 ||| RETREEEEATING.
  1641 | D:3      | 1641 ||| RETREEEEATING.
  1645 | D:3      | 1645 ||| RETREEEEATING.
  1648 | D:3      | 1648 ||| RETREEEEATING.
  1652 | D:3      | Killed Natasha
  1860 | D:3      | Found Kiuduj's General Store.
  1882 | D:3      | Noticed Natasha
  1891 | D:3      | Killed Natasha
  1929 | D:3      | Noticed Natasha
  1934 | D:3      | 1934 ||| RETREEEEATING.
  1935 | D:3      | 1935 ||| RETREEEEATING.
  1936 | D:3      | 1936 ||| RETREEEEATING.
  1937 | D:3      | 1937 ||| RETREEEEATING.
  1938 | D:3      | 1938 ||| RETREEEEATING.
  1939 | D:3      | 1939 ||| RETREEEEATING.
  1941 | D:3      | 1941 ||| RETREEEEATING.
  1956 | D:3      | Reached XP level 5. HP: 7/26 MP: 6/6
  1956 | D:3      | HP: 2/26 [cerulean imp/+2 spear[Natasha] (6)]
  1957 | D:3      | 1957 ||| DRINKING potion of heal wounds.
  1962 | D:3      | Killed Natasha
  2358 | D:3      | 2358 ||| DROPPING ring of flight.
  2359 | D:3      | 2359 ||| UPGRADING to ring of willpower.
  2360 | D:3      | 2360 ||| READING 2 scrolls of identify.
  2360 | D:3      | 2360 ||| IDENTIFYING smoky coppery potion
  2361 | D:3      | 2361 ||| READING scroll of identify.
  2361 | D:3      | 2361 ||| IDENTIFYING amethyst potion
  2362 | D:3      | 2362 ||| DROPPING potion of brilliance.
  2363 | D:3      | 2363 ||| DROPPING potion of invisibility.
  2406 | D:4      | 2406 ||| STAIRDANCE
  2483 | D:4      | Noticed a black bear
  2484 | D:4      | 2484 ||| ZAPPING wand of flame (10) at -5,-2 (black bear;
                  | floor).
  2485 | D:4      | 2485 ||| ZAPPING wand of flame (9) at -4,-1 (black bear;
                  | floor).
  2486 | D:4      | 2486 ||| ZAPPING wand of flame (8) at -3,-1 (black bear;
                  | floor).
  2487 | D:4      | 2487 ||| ZAPPING wand of flame (7) at -2,-1 (black bear;
                  | floor).
  2491 | D:4      | 2491 ||| ZAPPING wand of flame (6) at -1,-1 (black bear;
                  | floor).
  2492 | D:4      | 2492 ||| ZAPPING wand of flame (5) at -1,-1 (black bear;
                  | floor).
  2493 | D:4      | 2493 ||| ZAPPING wand of flame (4) at -1,-1 (black bear;
                  | floor).
  2494 | D:4      | 2494 ||| ZAPPING wand of flame (3) at -1,-1 (black bear;
                  | floor).
  2494 | D:4      | Killed a black bear
  2495 | D:4      | Reached skill level 6 in Ranged Weapons
  2495 | D:4      | Reached XP level 6. HP: 24/30 MP: 7/7
  2596 | D:4      | HP: 4/30 [scorpion (5)]
  2597 | D:4      | Succumbed to a scorpion's poison

Levels and vault maps discovered:
D:1:      mrwooster_arrival_arrow, layout_loops_ring, minmay_misc_feat_cross
D:2:      layout_basic, chequers_ecumenical_altar_island, lemuel_flame_loot_1
D:3:      layout_loops_ring, serial_shops, nicolae_shop_just_a_little_nook,
          uniq_natasha
D:4:      layout_cave_pools, mainiacjoe_overflow_concentric_impassable,
          uniq_eustachio

Skill      XL: |  1  2  3  4  5 |
---------------+----------------+-----
Dodging        | 3 4 5 |  5.1
Ranged Weapons | 5 6 |  6.4
Fighting       | 2 |  2.2
Stealth        | |  1.5

Action                     |  1- 3 |  4- 6 || total
---------------------------+-------+-------++-------
   Fire: Shortbow          |   109 |   127 ||   236
  Evoke: Wand              |       |     8 ||     8
    Use: Scroll            |     7 |     2 ||     9
         Potion            |     1 |     1 ||     2
 Armour: Robe              |    11 |    27 ||    38
  Dodge: Dodged            |    17 |    65 ||    82

Table legend:
 A = Non-vault XP
 B = Vault XP
 C = Vault XP percentage of total XP
 D = Non-vault monster count
 E = Vault monster count
 F = Vault count percentage of total count
                 A         B        C        D         E       F
            +---------+---------+-------+---------+---------+-------
      Total |     424 |      33 |   7.2 |      73 |       1 |   1.4
            +---------+---------+-------+---------+---------+-------
        D:1 |      33 |       0 |   0.0 |      20 |       0 |   0.0
        D:2 |      58 |       0 |   0.0 |      19 |       0 |   0.0
        D:3 |     137 |      33 |  19.4 |      29 |       1 |   3.3
        D:4 |     196 |       0 |   0.0 |       5 |       0 |   0.0
            +---------+---------+-------+---------+---------+-------
